 Dungeon Crawl Stone Soup version 0.30-a0-847-g17996783a1 (webtiles) character file.

Game seed: 13942782763912180081

19626 Sanktem7 the Warrior (level 12, 0/125 HPs)
             Began as a Minotaur Fighter on Mar 3, 2023.
             Was a Priest of Trog.
             Slain by a catoblepas (10 damage)
             ... summoned by an orange crystal statue
             ... in a Gauntlet.
             The game lasted 00:29:07 (11354 turns).

Sanktem7 the Warrior (Minotaur Fighter)            Turns: 11354, Time: 00:29:07

Health: 0/125      AC: 24    Str: 40      XL:     12   Next: 38%
Magic:  0/20       EV:  4    Int:  1 (3)  God:    Trog [***...]
Gold:   757        SH:  0    Dex: 14      Spells: 11/11 levels left

rFire   . . .      SeeInvis .    y - +4 mace "Posoy" {drain, rElec rC+ Str+2 Int+5}
rCold   . . .      Faith    .    c - +0 buckler
rNeg    . . .      Spirit   +    F - +0 plate armour
rPois   .          Reflect  .    (helmet restricted)
rElec   +          Rampage  .    N - +2 cloak {Will+}
rCorr   .          NoTele   +    n - +2 pair of gloves
Will    +....                    h - +1 pair of boots of the Desert {rC- Str+8 Int-3 Stlth+}
Stlth   x                          - amulet of guardian spirit
HPRegen 0.00/turn                A - ring of flight
MPRegen 0.17/turn                w - ring "Irisoalo" {MP+9 Int-3 Dex+5 Slay+3}

@: confused, flying, held, inhibited regen, slowed, very slow
A: horns 2, retaliatory headbutt, inhibited regeneration, strong 1, subdued
magic 1
a: Renounce Religion, Berserk, Trog's Hand


You were in a Gauntlet.
You worshipped Trog.
Trog was most pleased with you.
You visited 2 branches of the dungeon, and saw 12 of its levels.
You also visited: Bailey and Gauntlet.

You collected 757 gold pieces.

Inventory:

Hand Weapons
 y - the +4 mace "Posoy" (weapon) {drain, rElec rC+ Str+2 Int+5}
   (You found it on level 2 of the Dungeon)

   Str:       It affects your strength (+2).
   Int:       It affects your intelligence (+5).
   rC:        It protects you from cold.
   rElec:     It insulates you from electricity.
Missiles
 D - 4 throwing nets (quivered)
Armour
 c - a +0 buckler (worn)
 h - the +1 pair of boots of the Desert (worn) {rC- Str+8 Int-3 Stlth+}
   (You acquired it in a bailey)

   Str:       It affects your strength (+8).
   Int:       It affects your intelligence (-3).
   rC:        It makes you vulnerable to cold.
   Stlth:     It makes you more stealthy.
 n - a +2 pair of gloves (worn)
 E - a +0 pair of gloves of dexterity
 F - a +0 plate armour (worn)
 N - a +2 cloak of willpower (worn)
Jewellery
 w - the ring "Irisoalo" (right hand) {MP+9 Int-3 Dex+5 Slay+3}
   (You found it on level 8 of the Dungeon)

   [ring of magical power]

   Int:       It affects your intelligence (-3).
   Dex:       It affects your dexterity (+5).
   Slay:      It affects your accuracy & damage with ranged weapons and melee
   (+3).
   MP:        It affects your magic capacity (+9).
 x - an amulet of guardian spirit (around neck)
 A - a ring of flight (left hand)
Wands
 g - a wand of flame (8)
 l - a wand of iceblast (15)
 G - a wand of light (4)
 J - a wand of paralysis (11)
Scrolls
 b - a scroll of fog
 e - 2 scrolls of amnesia
 f - 2 scrolls of poison
 i - 8 scrolls of identify
 j - 3 scrolls of enchant weapon
 p - a scroll of blinking
 s - 5 scrolls of magic mapping
 t - 3 scrolls of fear
 u - a scroll of brand weapon
 v - 4 scrolls of teleportation
Potions
 a - 3 potions of attraction
 d - 2 potions of might
 k - 4 potions of lignification
 m - a potion of ambrosia
 o - a potion of haste
 q - a potion of heal wounds
 r - 3 potions of flight
 z - 10 potions of curing
 C - 2 potions of invisibility
 H - a potion of brilliance {unknown}
 K - a potion of resistance
Miscellaneous
 B - a box of beasts
 M - a phial of floods


   Skills:
 * Level 17.1 Fighting
 - Level 14.0 Maces & Flails
 + Level 11.0 Armour
 - Level 6.0 Shields


You had 11 spell levels left.
You didn't know any spells.
Your spell library contained the following spells:

 Spells                   Type           Power      Damage    Failure   Level
 Apportation              Tloc           0%         N/A       98%         1
 Ensorcelled Hibernation  Hex/Ice        0%         N/A       99%         2
 Passwall                 Tmut/Erth      0%         N/A       99%         2
 Portal Projectile        Hex/Tloc       0%         N/A       100%        3
 Swiftness                Air            0%         N/A       100%        3
 Tukima's Dance           Hex            0%         N/A       100%        3
 Summon Ice Beast         Ice/Summ       0%         N/A       100%        4
 Alistair's Intoxication  Tmut/Pois      0%         N/A       100%        5
 Blade Hands              Tmut           0%         N/A       100%        5
 Summon Mana Viper        Hex/Summ       0%         N/A       100%        5
 Monstrous Menagerie      Summ           0%         N/A       100%        7


Dungeon Overview and Level Annotations

Branches:
Dungeon (11/15)            Temple (1/1) D:7            Lair (0/5) D:10
    Orc (0/2) D:9          Bailey (visited)         Gauntlet (1/1)

Altars:
Ashenzari
Cheibriados
Dithmenos
Elyvilon
Fedhas
Gozag
Hepliaklqana
Kikubaaqudgha
Makhleb
Nemelex Xobeh
Okawaru
Qazlal
Ru
Sif Muna
Trog
Uskayaw
Vehumet
Wu Jian
Xom
Yredelemnul
Zin
The Shining One

Shops:
D:10 (

Annotations:
Temple 2 transporters Gauntlet 7 transporters, exclusion: orange crystal statue


Innate Abilities, Weirdness & Mutations

You have a pair of horns on your head.
You reflexively headbutt those who attack you in melee.
You do not regenerate when monsters are visible.
Your muscles are strong. (Str +4, Int/Dex -1)
Your spells are a little easier to cast, but a little less powerful.


Message History

The catoblepas gores you but does no damage.
The orange crystal statue fixes its piercing gaze on you.
You turn to flesh and can move again.
You bump into the stone wall.
The catoblepas roars fiercely, eyes lowered.
The catoblepas gores you!!
The orange crystal statue fixes its piercing gaze on you.
You closely miss the catoblepas.
You headbutt the catoblepas, but do no damage.
The catoblepas is lightly wounded.
The catoblepas gores you!
You thump the catoblepas! You headbutt the catoblepas!
The catoblepas is heavily wounded.
The orange crystal statue glitters.
You bump into the stone wall.
The catoblepas gores you but does no damage.
The orange crystal statue glitters.
You resist with almost no effort.
You sock the catoblepas!
The catoblepas is severely wounded.
The catoblepas gores you!
* * * LOW HITPOINT WARNING * * *
Being near the torpor snail leaves you feeling lethargic.
The catoblepas breathes a plume of calcifying dust at you.
The blast of calcifying dust hits you but does no damage.
Unknown command.
Unknown command.
You become entangled in the net!
The orange crystal statue glitters.
You are more confused.
The catoblepas gores you!!
* * * LOW HITPOINT WARNING * * *
The torpor snail barely misses you.
There is a net trap, spattered with blood here.
You see here a throwing net.
You struggle against the net.
The catoblepas gores you but does no damage.
The torpor snail bites you but does no damage.
The catoblepas gores you!
You die...

#......#
###########.©..©.####
##§#≈#≈#≈#≈########§#≈
##...§.................
#§..§§..........∩......
##..###########..######
#≈..#..=$©!...#..#5##©#
##..#.#w.8..#^#..#=#5.#
#≈..#Y@#####^.#..##.##.
##..#§.##§##..#..#5.#©.
#§..#§...©....#..###.##
##..#§.##^##..#..##..#.
#≈..#§.#####^.#..#.##.#
##..#§#.....#^#..######
#≈..#§........#.....#©#
##..###########.....#©#
#≈......#©#......######


You could see a catoblepas (summoned), an orange crystal statue and a torpor
snail (summoned).

Vanquished Creatures
  Harold (D:9)
  A hydra (D:11)
  A centaur warrior (D:8)
  4 two-headed ogres
  A soul eater (Gauntlet)
  A wizard (Gauntlet)
  A deep elf zephyrmancer (Bailey)
  A manticore (D:8)
  An orc knight (Bailey)
  A cyclops (D:8)
  Joseph (D:8)
  Maurice (D:8)
  2 gargoyles
  Psyche (D:8)
  4 kobold demonologists
  A komodo dragon (D:10)
  3 trolls
  Prince Ribbit (D:7)
  Grinder (D:6)
  2 shadows (D:10)
  12 yaks
  Eustachio (D:6)
  3 steam dragons
  Grum (D:8)
  3 acid dragons
  7 water moccasins
  13 orc warriors
  2 ice beasts
  4 ogres
  3 wolves (D:8)
  3 centaurs
  A phantom (D:6)
  3 kobold brigands
  8 bullfrogs
  4 scorpions
  8 wights (D:7)
  12 killer bees
  A howler monkey (D:10)
  3 jellies
  5 orc priests
  2 gnoll boudas (D:6)
  2 sleepcaps
  2 hounds (D:5)
  Terence (D:2)
  3 iguanas
  10 orc wizards
  7 gnolls (D:6)
  6 adders
  6 shadow imps
  A white imp (Gauntlet)
  A worm (D:3)
  2 dart slugs
  78 orcs
  9 endoplasms
  6 giant cockroaches
  13 goblins
  8 hobgoblins
  15 kobolds
  4 quokkas
  4 ball pythons
  4 bats
  5 frilled lizards
  4 rats
320 creatures vanquished.

Vanquished Creatures (others)
  20 fungi (D:10)
  19 plants (D:10)
39 creatures vanquished.

Grand Total: 359 creatures vanquished

Notes
Turn   | Place    | Note
-------+----------+-------------------------------------------
     0 | D:1      | Sanktem7 the Minotaur Fighter began the quest for the Orb.
     0 | D:1      | Reached XP level 1. HP: 19/19 MP: 0/0
   105 | D:1      | Reached XP level 2. HP: 27/27 MP: 1/1
   106 | D:1      | Reached skill level 4 in Fighting
   698 | D:2      | Noticed Terence
   703 | D:2      | Killed Terence
   704 | D:2      | Reached XP level 3. HP: 34/34 MP: 2/2
   780 | D:2      | Reached XP level 4. HP: 27/41 MP: 3/3
  1031 | D:2      | Identified the +4 mace "Posoy" {drain, rElec rC+ Str+2
                  | Int+5}
  1061 | D:2      | Reached skill level 5 in Fighting
  1082 | D:2      | Found a faded altar of an unknown god.
  1783 | D:3      | Found a radiant altar of Vehumet.
  1846 | D:3      | Found a burning altar of Makhleb.
  1846 | D:3      | Found an opulent altar of Gozag.
  1846 | D:3      | Found a shadowy altar of Dithmenos.
  1853 | D:3      | Found a glowing golden altar of the Shining One.
  1853 | D:3      | Found an ancient bone altar of Kikubaaqudgha.
  1980 | D:3      | Noticed a scorpion
  1983 | D:3      | Killed a scorpion
  1984 | D:3      | Reached XP level 5. HP: 48/48 MP: 4/4
  2446 | D:4      | Reached skill level 5 in Maces & Flails
  2503 | D:4      | Found an ornate altar of the Wu Jian Council.
  2905 | D:5      | Entered Level 5 of the Dungeon
  2938 | D:5      | Reached XP level 6. HP: 41/57 MP: 5/5
  3065 | D:5      | Reached skill level 6 in Fighting
  3065 | D:5      | Reached skill level 5 in Armour
  3173 | D:5      | Reached XP level 7. HP: 40/64 MP: 6/6
  3300 | D:5      | Reached skill level 7 in Fighting
  3626 | D:5      | Found a snail-covered altar of Cheibriados.
  4046 | D:6      | HP: 3/67 [kobold brigand/+0 club (2)]
  4048 | D:6      | Reached skill level 8 in Fighting
  4048 | D:6      | Reached XP level 8. HP: 4/74 MP: 7/7
  4362 | D:6      | Noticed Eustachio
  4376 | D:6      | Killed Eustachio
  4595 | D:6      | Found a glowing silver altar of Zin.
  4727 | D:6      | Reached skill level 9 in Fighting
  4859 | D:6      | Noticed Grinder
  4872 | D:6      | Killed Grinder
  4873 | D:6      | Reached skill level 5 in Shields
  5321 | D:7      | Reached XP level 9. HP: 85/85 MP: 8/8
  5461 | D:7      | Reached skill level 10 in Fighting
  5666 | D:7      | Noticed Prince Ribbit
  5674 | D:7      | Found a staircase to the Ecumenical Temple.
  5677 | D:7      | Killed Prince Ribbit
  5678 | D:7      | Reached skill level 10 in Maces & Flails
  5769 | D:7      | Noticed a two-headed ogre
  5776 | D:7      | Killed a two-headed ogre
  5777 | D:7      | Reached skill level 11 in Fighting
  6367 | D:8      | Noticed Grum
  6377 | D:8      | Reached XP level 10. HP: 87/97 MP: 9/9
  6382 | D:8      | Killed Grum
  6428 | D:8      | Found a hide-covered altar of Uskayaw.
  6461 | D:8      | Reached skill level 12 in Fighting
  6470 | D:8      | Noticed a two-headed ogre
  6478 | D:8      | Killed a two-headed ogre
  6539 | D:8      | Noticed Maurice
  6564 | D:8      | Killed Maurice
  6812 | D:8      | Found a flagged portal.
  6821 | Bailey   | Entered a bailey
  6858 | Bailey   | Noticed an orc knight
  6861 | Bailey   | Found a large runed translucent door.
  6861 | Bailey   | Found a large runed translucent door.
  6862 | Bailey   | Noticed a deep elf zephyrmancer
  6870 | Bailey   | Killed an orc knight
  6942 | Bailey   | Reached skill level 13 in Fighting
  7212 | Bailey   | Killed a deep elf zephyrmancer
  7286 | Bailey   | Gained mutation: Your muscles are strong. (Str +4, Int/Dex
                  | -1) [potion of mutation]
  7286 | Bailey   | Gained mutation: You do not regenerate when monsters are
                  | visible. [potion of mutation]
  7315 | Bailey   | Identified a scroll of acquirement
  7315 | Bailey   | Acquired the +1 pair of boots of the Desert {rC- Str+8
                  | Int-3 Stlth+}
  7520 | D:8      | Noticed Joseph
  7528 | D:8      | Killed Joseph
  7975 | D:8      | Noticed Psyche
  8015 | D:8      | Killed Psyche
  8199 | D:8      | Noticed a cyclops
  8199 | D:8      | Noticed a gargoyle
  8199 | D:8      | Noticed a manticore
  8199 | D:8      | Noticed a two-headed ogre
  8199 | D:8      | Noticed a centaur warrior
  8224 | D:8      | Reached XP level 11. HP: 63/107 MP: 7/10
  8231 | D:8      | Killed a centaur warrior
  8235 | D:8      | Killed a two-headed ogre
  8250 | D:8      | Reached skill level 14 in Fighting
  8582 | D:8      | Identified the ring "Irisoalo" {MP+9 Int-3 Dex+5 Slay+3}
  8694 | D:8      | Found a faded altar of an unknown god.
  8694 | D:8      | Found a faded altar of an unknown god.
  8695 | D:8      | Found a hazy altar of Hepliaklqana.
  8912 | Temple   | Entered the Ecumenical Temple
  8912 | Temple   | Found a transporter.
  8912 | Temple   | Found a transporter.
  8914 | Temple   | Found a transporter.
  8914 | Temple   | Found a transporter.
  8946 | Temple   | Became a worshipper of Trog the Wrathful
  9063 | D:9      | Noticed Harold
  9070 | D:9      | Noticed a two-headed ogre
  9281 | D:8      | Killed a two-headed ogre
  9484 | D:9      | Killed Harold
  9485 | D:9      | Reached skill level 15 in Fighting
  9554 | D:9      | Reached * piety under Trog
  9562 | D:9      | Found a staircase to the Orcish Mines.
  9788 | D:9      | Reached ** piety under Trog
  9958 | D:9      | Found the +5 woodcutter's axe
 10127 | D:10     | Entered Level 10 of the Dungeon
 10201 | D:10     | Reached skill level 10 in Armour
 10219 | D:10     | Found a staircase to the Lair.
 10226 | D:10     | Reached XP level 12. HP: 112/122 MP: 11/11
 10237 | D:10     | Reached skill level 16 in Fighting
 10408 | D:10     | Identified the +7 glaive of Deuduv {venom, rPois rF+++
                  | Will- Str-3}
 10603 | D:10     | Reached *** piety under Trog
 10870 | D:10     | Found Xunatyer's Weapon Shoppe.
 10953 | D:11     | Noticed a seven-headed hydra
 10958 | D:11     | Killed a seven-headed hydra
 10962 | D:11     | Found a gate leading to a gauntlet.
 11026 | Gauntlet | Entered a Gauntlet
 11026 | Gauntlet | Found a transporter.
 11026 | Gauntlet | Found a transporter.
 11037 | Gauntlet | Found a transporter.
 11040 | Gauntlet | Found a transporter.
 11048 | Gauntlet | Found a transporter.
 11051 | Gauntlet | Found a transporter.
 11056 | Gauntlet | Noticed a blizzard demon
 11060 | Gauntlet | Found a transporter.
 11077 | Gauntlet | Found a transporter.
 11095 | Gauntlet | Found a transporter.
 11097 | Gauntlet | Found a transporter.
 11107 | Gauntlet | Found a transporter.
 11110 | Gauntlet | Found a transporter.
 11266 | Gauntlet | Reached skill level 17 in Fighting
 11290 | Gauntlet | Gained mutation: Your spells are a little easier to cast,
                  | but a little less powerful. [a neqoxec]
 11330 | Gauntlet | Noticed a catoblepas
 11354 | Gauntlet | Slain by a catoblepas

Illustrated notes

Levels and vault maps discovered:
D:1:      elethiomel_arrival_shortcut, layout_loops_ring,
          amcnicky_mini_rare_corridor_liquid, minmay_tetromino_t2
D:2:      minmay_general_purpose_star, layout_rooms,
          hellmonk_ecumenical_altar_zigzags, uniq_terence
D:3:      layout_loops_corners, minmay_overflow_temple_hex
D:4:      minmay_wonky_spiral, layout_rooms, kennysheep_mini_moat
D:5:      layout_cave_pods, cheibriados_altar_1, kennysheep_cluttered_room,
          kennysheep_generic_room_14
D:6:      layout_basic, mainiacjoe_overflow_six_doors_small, uniq_eustachio,
          uniq_grinder
D:7:      layout_gridville, minmay_temple_entry_mini_moons,
          nicolae_elevator_lobby_asterisk, uniq_prince_ribbit1
D:8:      minmay_the_grid_triangle_9x9_rhombus_thin
          [minmay_the_grid_triangle_9x9_cache,
          minmay_the_grid_triangle_9x9_prize_top_heavy,
          minmay_the_grid_triangle_9x9_corruption,
          minmay_the_grid_triangle_9x9_checkered], layout_loops_corners,
          nicolae_hepliaklqana_ecumenical_no_more,
          mainiacjoe_overflow_boulevard, enter_bailey_7, minivault_22,
          uniq_maurice, uniq_grum, uniq_joseph, uniq_psyche
D:9:      layout_cross, david_orc_5, uniq_harold
D:10:     layout_rooms, due_lair_maze_entry_diamond, serial_shops,
          kennysheep_little_box, special_room [special_room_orc]
D:11:     layout_basic, gauntlet_entry_generic
Temple:   hellmonk_temple_divided_pantheon
Gauntlet: minmay_gauntlet_mixed_big_or_small [nicolae_gauntlet_arena_grate_2,
          minmay_gauntlet_arena_77_museum, gammafunk_gauntlet_arena_teeth,
          minmay_gauntlet_arena_77_squiggly, nicolae_gauntlet_arena_blocks,
          minmay_gauntlet_arena_77_tiled_triplets,
          dreamdust_gauntlet_exit_labyrinth]

Skill      XL: |  1  2  3  4  5  6  7  8  9 10 11 12 |
---------------+-------------------------------------+-----
Fighting       | 4 5 6 8 9 11 13 15 17 | 17.1
Maces & Flails | 3 4 5 6 7 9 11 13 14 | 14.0
Armour         | 4 5 6 7 10 11 | 11.0
Shields        | 5 6 |  6.0

Action                     |  1- 3 |  4- 6 |  7- 9 | 10-12 || total
---------------------------+-------+-------+-------+-------++-------
  Melee: Flail             |    52 |       |       |       ||    52
         Headbutt          |     7 |    14 |    31 |   106 ||   158
         Morningstar       |    16 |    81 |       |       ||    97
         Mace              |       |    20 |   212 |   484 ||   716
         Unarmed           |       |       |       |     4 ||     4
    Use: Scroll            |       |       |       |    27 ||    27
         Potion            |       |       |       |     3 ||     3
 Armour: Scale mail        |    29 |    54 |     5 |       ||    88
         Chain mail        |       |       |    55 |       ||    55
         Plate armour      |       |       |    55 |   350 ||   405
  Dodge: Dodged            |    33 |    49 |    70 |   188 ||   340
  Block: Buckler           |    18 |    17 |    51 |   111 ||   197

Table legend: (Time is in decaauts)
 A = Elapsed time spent in this place.
 B = Non-inter-level travel time spent in this place.
 C = Inter-level travel time spent in this place.
 D = Time resting spent in this place.
 E = Time spent auto-exploring this place.
 F = Levels seen in this place.
 G = Mean time per level.
                   A        B        C        D        E       F      G
               +--------+--------+--------+--------+--------+-----+--------+
         Total |  11290 |  10661 |    629 |    709 |   7510 |  14 |  806.4 |
       Dungeon |  10283 |   9654 |    629 |    597 |   7080 |  11 |  934.8 |
        Temple |     51 |     51 |      0 |      0 |      8 |   1 |   51.0 |
        Bailey |    637 |    637 |      0 |     38 |    422 |   1 |  637.0 |
      Gauntlet |    318 |    318 |      0 |     74 |      0 |   1 |  318.0 |
               +--------+--------+--------+--------+--------+-----+--------+

Top non-repeatable levels by time:
     D:8: 2340 daAuts
     D:6: 1310 daAuts
     D:5: 1099 daAuts
     D:7: 1046 daAuts
     D:3: 1041 daAuts
    D:10: 795 daAuts
     D:2: 765 daAuts
     D:1: 673 daAuts
     D:9: 668 daAuts
  Bailey: 637 daAuts
     D:4: 472 daAuts
Gauntlet: 318 daAuts
    D:11: 70 daAuts
  Temple: 51 daAuts
